[Event "Live Chess"]
[Site "Chess.com"]
[Date "2021.03.17"]
[Round "4"]
[White "Tirantes"]
[Black "GGuseinov"]
[Result "0-1"]
[CurrentPosition "4r3/5pk1/8/6p1/2P5/6P1/2RR1P1K/1q5B w - -"]
[Timezone "UTC"]
[ECO "E60"]
[ECOUrl "https://www.chess.com/openings/Kings-Indian-Defense-Fianchetto-Variation-4...O-O"]
[UTCDate "2021.03.17"]
[UTCTime "03:00:33"]
[WhiteElo "2469"]
[BlackElo "2738"]
[TimeControl "2100+2"]
[Termination "GGuseinov won by resignation"]
[StartTime "03:00:33"]
[EndDate "2021.03.17"]
[EndTime "04:02:39"]
[Link "https://www.chess.com/game/live/9689086955"]

1. d4 Nf6 2. c4 g6 3. g3 Bg7 4. Bg2 O-O 5. Nc3 c5 6. Nf3 cxd4 7. Nxd4 Nc6 8. O-O Qa5 9. Nc2 Qh5 10. e4 Qxd1 11. Rxd1 d6 12. h3 Be6 13. b3 Nd7 14. Bb2 Nc5 15. Rab1 a5 16. Nd5 Bxd5 17. Rxd5 Nb4 18. Nxb4 axb4 19. Bxg7 Kxg7 20. e5 Rxa2 21. exd6 exd6 22. Rxd6 Ra6 23. Rbd1 Rc8 24. h4 Ra3 25. Rb6 Rxb3 26. Rb5 Rc7 27. Rd5 Na4 28. Rd2 Rb1+ 29. Kh2 b3 30. Bxb7 b2 31. Bd5 Re7 32. Rb4 h6 33. Rxa4 Rh1+ 34. Bxh1 b1=Q 35. Raa2 g5 36. hxg5 hxg5 37. Rac2 Re8 0-1

[Event "Live Chess"]
[Site "Chess.com"]
[Date "2021.03.17"]
[Round "4"]
[White "kingandqueen2017"]
[Black "BrianEscalante"]
[Result "0-1"]
[CurrentPosition "2r2rk1/4q1pp/R3p3/4Pp2/2nP1P2/2p5/1p3QPP/2B2RK1 w - -"]
[Timezone "UTC"]
[ECO "D30"]
[ECOUrl "https://www.chess.com/openings/Queens-Gambit-Declined"]
[UTCDate "2021.03.17"]
[UTCTime "03:00:35"]
[WhiteElo "2344"]
[BlackElo "2544"]
[TimeControl "2100+2"]
[Termination "BrianEscalante won by resignation"]
[StartTime "03:00:35"]
[EndDate "2021.03.17"]
[EndTime "03:41:40"]
[Link "https://www.chess.com/game/live/9689088061"]

1. d4 e6 2. c4 d5 3. Nc3 c6 4. e3 f5 5. f4 Nf6 6. Nf3 Bd6 7. Bd3 O-O 8. O-O dxc4 9. Bxc4 b5 10. Bb3 a5 11. a4 b4 12. Ne2 Nd5 13. Bd2 Nd7 14. Rc1 Bb7 15. Qe1 Rc8 16. Qf2 Qe7 17. Ne5 c5 18. Nd3 Ba6 19. Bc4 Bxc4 20. Rxc4 N7b6 21. Rcc1 c4 22. Ne5 Bxe5 23. fxe5 Nxa4 24. Ra1 Nxb2 25. Rxa5 c3 26. Bc1 Nc4 27. Ra6 b3 28. Nf4 Nxf4 29. exf4 b2 0-1

[Event "Live Chess"]
[Site "Chess.com"]
[Date "2021.03.17"]
[Round "4"]
[White "ecwinslow"]
[Black "josiwales"]
[Result "0-1"]
[CurrentPosition "8/3Q1p1k/5rp1/7p/4K3/6rP/8/8 w - -"]
[Timezone "UTC"]
[ECO "E15"]
[ECOUrl "https://www.chess.com/openings/Queens-Indian-Defense-Fianchetto-Traditional-Line-5.Bg2"]
[UTCDate "2021.03.17"]
[UTCTime "03:00:31"]
[WhiteElo "2278"]
[BlackElo "2505"]
[TimeControl "2100+2"]
[Termination "josiwales won by resignation"]
[StartTime "03:00:31"]
[EndDate "2021.03.17"]
[EndTime "04:05:40"]
[Link "https://www.chess.com/game/live/9689089037"]

1. d4 Nf6 2. c4 e6 3. Nf3 b6 4. g3 Bb7 5. Bg2 d5 6. Ne5 c6 7. cxd5 cxd5 8. O-O Bd6 9. Nc3 O-O 10. Bf4 Nc6 11. e3 Bxe5 12. Bxe5 Nxe5 13. dxe5 Nd7 14. f4 Ba6 15. Rf2 b5 16. Rd2 Qb6 17. Rd4 Rac8 18. Qd2 Nb8 19. Bxd5 exd5 20. Nxd5 Qe6 21. f5 Qxe5 22. f6 Nc6 23. Rg4 g6 24. Rd1 h5 25. Rf4 Rcd8 26. e4 Kh7 27. Qe3 Nb4 28. Rf5 Nxd5 29. Rxd5 Rxd5 30. Rxe5 Rxe5 31. Qa3 Rfe8 32. Qxa6 R8e6 33. Qxa7 Rxf6 34. Qd4 Rfe6 35. Kf2 Rxe4 36. Qd3 R4e5 37. a3 Kh6 38. b3 Rf5+ 39. Kg2 Kh7 40. a4 bxa4 41. bxa4 Rfe5 42. Kf2 Re4 43. a5 R4e5 44. a6 Ra5 45. Qd7 Rf6+ 46. Ke3 Raxa6 47. h3 Ra3+ 48. Ke4 Rxg3 0-1

[Event "Live Chess"]
[Site "Chess.com"]
[Date "2021.03.17"]
[Round "4"]
[White "KyronGriffith"]
[Black "TitanChess666"]
[Result "1-0"]
[CurrentPosition "6k1/4p3/3pP3/3P4/2P5/2Q5/6PK/8 b - -"]
[Timezone "UTC"]
[ECO "A45"]
[ECOUrl "https://www.chess.com/openings/Trompowsky-Attack-2...c5-3.d5"]
[UTCDate "2021.03.17"]
[UTCTime "03:00:40"]
[WhiteElo "2500"]
[BlackElo "2149"]
[TimeControl "2100+2"]
[Termination "KyronGriffith won by resignation"]
[StartTime "03:00:40"]
[EndDate "2021.03.17"]
[EndTime "04:14:30"]
[Link "https://www.chess.com/game/live/9689089439"]

1. d4 Nf6 2. Bg5 c5 3. d5 d6 4. Nc3 g6 5. e4 Bg7 6. Bb5+ Bd7 7. a4 Qa5 8. Bd2 Qc7 9. Nf3 a6 10. Be2 Bg4 11. O-O Bxf3 12. Bxf3 Nbd7 13. Be2 O-O 14. Be3 Rab8 15. f3 c4 16. Qd2 Rfc8 17. a5 Nc5 18. Na4 Nfd7 19. Qc1 b5 20. axb6 Qb7 21. Kh1 Nxa4 22. Rxa4 Nxb6 23. Rb4 Qc7 24. Bxb6 Rxb6 25. Rxc4 Qb7 26. Rxc8+ Qxc8 27. b3 Bc3 28. f4 Rb4 29. Bd3 a5 30. Qe3 a4 31. bxa4 Rxa4 32. e5 Ra1 33. Rxa1 Bxa1 34. e6 f6 35. h4 Bc3 36. h5 Kg7 37. Qa7 Qf8 38. Qe3 f5 39. Bxf5 Qxf5 40. Qxc3+ Kg8 41. h6 Qh5+ 42. Kg1 Qxh6 43. Qd4 Qf8 44. c4 Qb8 45. Kh2 h5 46. f5 gxf5 47. Qh4 Qf8 48. Qxh5 Qg7 49. Qe8+ Kh7 50. Qh5+ Kg8 51. Qxf5 Qh6+ 52. Kg3 Qe3+ 53. Qf3 Qe1+ 54. Kh2 Qc3 55. Qxc3 1-0

[Event "Live Chess"]
[Site "Chess.com"]
[Date "2021.03.17"]
[Round "4"]
[White "FlightsOfFancy"]
[Black "qing29"]
[Result "1-0"]
[CurrentPosition "8/8/2P2ppk/1N6/8/1PR3KP/2r5/8 b - -"]
[Timezone "UTC"]
[ECO "B04"]
[ECOUrl "https://www.chess.com/openings/Alekhines-Defense-Modern-Larsen-Variation-5.Nxe5"]
[UTCDate "2021.03.17"]
[UTCTime "03:00:37"]
[WhiteElo "2127"]
[BlackElo "2082"]
[TimeControl "2100+2"]
[Termination "FlightsOfFancy won by resignation"]
[StartTime "03:00:37"]
[EndDate "2021.03.17"]
[EndTime "04:11:55"]
[Link "https://www.chess.com/game/live/9689089735"]

1. e4 Nf6 2. e5 Nd5 3. d4 d6 4. Nf3 dxe5 5. Nxe5 c6 6. Be2 Bf5 7. O-O e6 8. c4 Nb6 9. Nc3 Be7 10. Bf4 O-O 11. h3 N8d7 12. Nf3 Nf6 13. g4 Bg6 14. Ne5 Nfd7 15. Nxg6 hxg6 16. Qd2 Nf6 17. Rad1 Qd7 18. b3 a5 19. Qe3 a4 20. d5 Nc8 21. dxc6 Qxc6 22. Bf3 Qa6 23. Nb5 Bd8 24. g5 Bb6 25. Qe5 Nh5 26. Rd7 f6 27. Qxe6+ Kh7 28. Qe4 fxg5 29. Bxh5 Bxf2+ 30. Rxf2 Rxf4 31. Rxf4 gxf4 32. Qd4 Kh6 33. Qxf4+ Kh7 34. Qf7 Kh6 35. Bf3 Qb6+ 36. Kg2 Qf6 37. Qxf6 gxf6 38. Bxb7 Rb8 39. Rc7 Nb6 40. c5 axb3 41. axb3 Na8 42. Rd7 Re8 43. Bxa8 Rxa8 44. c6 Ra2+ 45. Kg3 Rb2 46. Rd3 Rc2 47. Rc3 1-0

[Event "Live Chess"]
[Site "Chess.com"]
[Date "2021.03.17"]
[Round "4"]
[White "MMSANCHEZ"]
[Black "SacrificeandCrush"]
[Result "1-0"]
[CurrentPosition "1r4k1/1pR5/pN1P3q/P4b2/3Q2p1/8/5PP1/5BK1 b - -"]
[Timezone "UTC"]
[ECO "A70"]
[ECOUrl "https://www.chess.com/openings/Benoni-Defense-Modern-Classical-Variation-7...Bg7"]
[UTCDate "2021.03.17"]
[UTCTime "03:00:43"]
[WhiteElo "2141"]
[BlackElo "1771"]
[TimeControl "2100+2"]
[Termination "MMSANCHEZ won by resignation"]
[StartTime "03:00:43"]
[EndDate "2021.03.17"]
[EndTime "03:57:27"]
[Link "https://www.chess.com/game/live/9689090057"]

1. d4 Nf6 2. c4 c5 3. d5 e6 4. Nc3 exd5 5. cxd5 d6 6. e4 g6 7. Nf3 Bg7 8. Nd2 O-O 9. Be2 a6 10. a4 Nbd7 11. O-O Re8 12. h3 Rb8 13. a5 Qc7 14. Re1 Nf8 15. Bf1 h5 16. Nc4 N6d7 17. Bf4 Ne5 18. Nb6 Nfd7 19. Nca4 Nxb6 20. Nxb6 Nd7 21. Nc4 Ne5 22. Nb6 Nd7 23. Na4 Ne5 24. Qd2 Bd7 25. Nb6 Bc8 26. b4 cxb4 27. Qxb4 Qe7 28. Rac1 g5 29. Bh2 g4 30. hxg4 hxg4 31. Rc3 f5 32. Rec1 Bd7 33. Rc7 Red8 34. exf5 Qg5 35. Qxd6 Bxf5 36. Rxg7+ Qxg7 37. Qxe5 Qg6 38. Qd4 Qg5 39. Bf4 Qh4 40. Bxb8 Rxb8 41. Rc7 Qh6 42. d6 1-0

[Event "Live Chess"]
[Site "Chess.com"]
[Date "2021.03.17"]
[Round "4"]
[White "chesspilot01"]
[Black "Joseph_Truelsons_Fan"]
[Result "1-0"]
[CurrentPosition "1r6/1P1k3p/7R/4ppp1/1R6/5P2/5KPP/8 b - -"]
[Timezone "UTC"]
[ECO "B92"]
[ECOUrl "https://www.chess.com/openings/Sicilian-Defense-Open-Najdorf-Opocensky-Variation...7.Nb3-Be7-8.Be3-Be6"]
[UTCDate "2021.03.17"]
[UTCTime "03:02:14"]
[WhiteElo "2084"]
[BlackElo "1785"]
[TimeControl "2100+2"]
[Termination "chesspilot01 won by resignation"]
[StartTime "03:02:14"]
[EndDate "2021.03.17"]
[EndTime "03:52:28"]
[Link "https://www.chess.com/game/live/9689106631"]

1. e4 c5 2. Nf3 d6 3. d4 cxd4 4. Nxd4 Nf6 5. Nc3 a6 6. Be2 e5 7. Nb3 Be7 8. Be3 Be6 9. O-O O-O 10. f3 d5 11. exd5 Nxd5 12. Nxd5 Bxd5 13. c4 Be6 14. Nc5 Qb6 15. Qb3 Bxc5 16. Qxb6 Bxb6 17. Bxb6 Nd7 18. Be3 Rac8 19. Rfd1 Nc5 20. Rac1 a5 21. Rd6 Na6 22. Rb6 Rc7 23. Rb5 f6 24. Rxa5 Rfc8 25. Rb5 Kf7 26. Rb6 Nb8 27. b3 Nc6 28. Kf2 Ra8 29. a4 Na5 30. Rb5 Ke7 31. Bb6 Nxb3 32. Rxb3 Rc6 33. a5 Rac8 34. Rb4 f5 35. c5 g5 36. Bb5 Rxb6 37. axb6 Bd5 38. c6 bxc6 39. b7 Rb8 40. Bxc6 Bxc6 41. Rxc6 Kd7 42. Rh6 1-0

[Event "Live Chess"]
[Site "Chess.com"]
[Date "2021.03.17"]
[Round "4"]
[White "ninjaforce"]
[Black "serverbusy"]
[Result "1/2-1/2"]
[CurrentPosition "8/4k3/3pN3/3Pp2p/4Pp2/5PbK/6P1/8 w - -"]
[Timezone "UTC"]
[ECO "C88"]
[ECOUrl "https://www.chess.com/openings/Ruy-Lopez-Opening-Morphy-Defense-Closed-6.Re1-b5-7.Bb3"]
[UTCDate "2021.03.17"]
[UTCTime "03:01:00"]
[WhiteElo "2055"]
[BlackElo "1644"]
[TimeControl "2100+2"]
[Termination "Game drawn by agreement"]
[StartTime "03:01:00"]
[EndDate "2021.03.17"]
[EndTime "04:12:25"]
[Link "https://www.chess.com/game/live/9689091665"]

1. e4 e5 2. Nf3 Nc6 3. Bb5 a6 4. Ba4 Nf6 5. O-O b5 6. Bb3 Be7 7. Re1 d6 8. c3 O-O 9. h3 Na5 10. Bc2 c5 11. d4 Qc7 12. d5 c4 13. Nbd2 Re8 14. a4 Bd7 15. Nf1 Bf8 16. Bg5 Qd8 17. b4 cxb3 18. Bxb3 Nxb3 19. Qxb3 bxa4 20. Qa3 h6 21. Bxf6 Qxf6 22. N1d2 Rab8 23. Rab1 Rb5 24. c4 Rc5 25. Rb6 Qd8 26. Reb1 Bb5 27. R6xb5 axb5 28. cxb5 Qa5 29. Rb4 Rxb5 30. Rxa4 Qb6 31. Ra6 Qc5 32. Qa4 Reb8 33. Rc6 Qb4 34. Qxb4 Rxb4 35. Nc4 Rd8 36. h4 Rbb8 37. Nb6 g6 38. Nd2 f5 39. Kh2 Be7 40. Kh3 Rf8 41. Nd7 Rbc8 42. Nxf8 Rxf8 43. f3 f4 44. Nc4 Rf6 45. Rc7 Rf7 46. Rd7 Bf8 47. Rxf7 Kxf7 48. Kg4 Be7 49. h5 Bf8 50. hxg6+ Kxg6 51. Nb6 h5+ 52. Kh4 Be7+ 53. Kh3 Bd8 54. Nc8 Bc7 55. Ne7+ Kg5 56. Nf5 Bb8 57. Ng7 Ba7 58. Ne6+ Kg6 59. Nf8+ Kf7 60. Ne6 Bf2 61. Nd8+ Ke7 62. Ne6 Bg3 63. Nc7 Kd7 64. Ne6 Ke7 1/2-1/2

[Event "Live Chess"]
[Site "Chess.com"]
[Date "2021.03.17"]
[Round "4"]
[White "KingSmasher35"]
[Black "stratus_junior"]
[Result "1/2-1/2"]
[CurrentPosition "r4r1k/1p4b1/p1nBBn1p/3p4/3P4/2P3P1/PP3RPP/5RK1 b - -"]
[Timezone "UTC"]
[ECO "D00"]
[ECOUrl "https://www.chess.com/openings/Queens-Pawn-Opening-Accelerated-London-Steinitz-Countergambit"]
[UTCDate "2021.03.17"]
[UTCTime "03:00:55"]
[WhiteElo "1789"]
[BlackElo "2054"]
[TimeControl "2100+2"]
[Termination "Game drawn by agreement"]
[StartTime "03:00:55"]
[EndDate "2021.03.17"]
[EndTime "04:01:53"]
[Link "https://www.chess.com/game/live/9689092019"]

1. d4 d5 2. Bf4 c5 3. e3 cxd4 4. exd4 Nc6 5. c3 f6 6. Nf3 g5 7. Nxg5 fxg5 8. Qh5+ Kd7 9. Bxg5 Qe8 10. Qf3 Nf6 11. Bd3 Qh5 12. Qf4 Bg7 13. O-O Rf8 14. Qg3 Kd8 15. Na3 Qg4 16. Rae1 Qxg3 17. fxg3 h6 18. Bf4 a6 19. Nc2 Bd7 20. Re2 Bg4 21. Ref2 Kd7 22. Ne3 e6 23. Be5 Bf5 24. Nxf5 exf5 25. Bxf5+ Ke7 26. Bc7 Kf7 27. Bd7 Kg8 28. Be6+ Kh8 29. Bd6 Rfd8 30. Bc7 Rf8 31. Bd6 1/2-1/2

[Event "Live Chess"]
[Site "Chess.com"]
[Date "2021.03.17"]
[Round "4"]
[White "championps"]
[Black "David_Askin"]
[Result "0-1"]
[CurrentPosition "2r2rk1/4qppp/pp6/8/5B2/P7/Bn2RPPP/4R1K1 b - -"]
[Timezone "UTC"]
[ECO "B10"]
[ECOUrl "https://www.chess.com/openings/Caro-Kann-Defense-Accelerated-Panov-Attack"]
[UTCDate "2021.03.17"]
[UTCTime "03:01:00"]
[WhiteElo "1770"]
[BlackElo "2023"]
[TimeControl "2100+2"]
[Termination "David_Askin won by resignation"]
[StartTime "03:01:00"]
[EndDate "2021.03.17"]
[EndTime "03:55:30"]
[Link "https://www.chess.com/game/live/9689092873"]

1. c4 c6 2. e4 d5 3. exd5 cxd5 4. cxd5 Nf6 5. Nc3 Nxd5 6. d4 e6 7. Nf3 Bb4 8. Bd2 O-O 9. Bd3 Nc6 10. O-O Nf6 11. a3 Be7 12. Bf4 b6 13. Bc4 Bb7 14. Re1 Rc8 15. Ba2 Na5 16. Rc1 Nc4 17. Qe2 Bxf3 18. Qxf3 a6 19. d5 Nxd5 20. Nxd5 exd5 21. Rcd1 d4 22. Qe2 d3 23. Rxd3 Qe8 24. Qxe7 Nxb2 25. Rde3 Qxe7 26. R3e2 0-1

[Event "Live Chess"]
[Site "Chess.com"]
[Date "2021.03.17"]
[Round "4"]
[White "nathanf314"]
[Black "jah23"]
[Result "1-0"]
[CurrentPosition "3k2r1/pp5p/2b5/4QB2/8/8/PP3PP1/7K w - -"]
[Timezone "UTC"]
[ECO "C02"]
[ECOUrl "https://www.chess.com/openings/French-Defense-Advance-Paulsen-Milner-Barry-Gambit"]
[UTCDate "2021.03.17"]
[UTCTime "03:01:03"]
[WhiteElo "2015"]
[BlackElo "1446"]
[TimeControl "2100+2"]
[Termination "nathanf314 won by resignation"]
[StartTime "03:01:03"]
[EndDate "2021.03.17"]
[EndTime "03:26:58"]
[Link "https://www.chess.com/game/live/9689093217"]

1. e4 e6 2. d4 d5 3. e5 c5 4. c3 Nc6 5. Nf3 Qb6 6. Bd3 Bd7 7. O-O cxd4 8. cxd4 Nxd4 9. Nxd4 Qxd4 10. Nc3 Qxe5 11. Re1 Qb8 12. Nxd5 Bd6 13. Qg4 Kf8 14. Bg5 Nh6 15. Bxh6 gxh6 16. Nf6 Bc6 17. Qh4 Qd8 18. Qxh6+ Ke7 19. Rad1 Qc7 20. Bf5 Bxh2+ 21. Kh1 Rhg8 22. Nxg8+ Rxg8 23. Rxe6+ fxe6 24. Qxe6+ Kf8 25. Qf6+ Ke8 26. Re1+ Be5 27. Rxe5+ Qxe5 28. Qxe5+ Kd8 1-0

[Event "Live Chess"]
[Site "Chess.com"]
[Date "2021.03.17"]
[Round "4"]
[White "chessp1234"]
[Black "SmilyFace4"]
[Result "1/2-1/2"]
[CurrentPosition "8/8/8/8/8/1K5k/8/8 b - -"]
[Timezone "UTC"]
[ECO "B07"]
[ECOUrl "https://www.chess.com/openings/Pirc-Defense-Czech-Defense"]
[UTCDate "2021.03.17"]
[UTCTime "03:00:53"]
[WhiteElo "1753"]
[BlackElo "2000"]
[TimeControl "2100+2"]
[Termination "Game drawn by insufficient material"]
[StartTime "03:00:53"]
[EndDate "2021.03.17"]
[EndTime "04:15:14"]
[Link "https://www.chess.com/game/live/9689093573"]

1. e4 d6 2. d4 Nf6 3. Nc3 c6 4. h3 e5 5. Nf3 Nbd7 6. a4 Be7 7. Bc4 O-O 8. O-O a6 9. Re1 Rb8 10. a5 Qc7 11. Qe2 exd4 12. Nxd4 Ne5 13. Bb3 c5 14. Nf5 Bxf5 15. exf5 Rfe8 16. Nd5 Nxd5 17. Bxd5 Bf6 18. Bd2 Qd7 19. Qh5 g6 20. fxg6 hxg6 21. Qh6 Bg7 22. Qg5 Qe7 23. Qg3 Qf6 24. Bc3 Qf5 25. Be4 Qd7 26. Rad1 Rbd8 27. Bd5 Qf5 28. Bxb7 Qxc2 29. Be4 Qa4 30. Bd5 Kf8 31. f4 Nc6 32. b3 Rxe1+ 33. Rxe1 Qb5 34. Bxg7+ Kxg7 35. Qc3+ Nd4 36. Re7 Rd7 37. Re3 Kf8 38. Qe1 Nf5 39. Re8+ Kg7 40. g4 Qd3 41. Bc4 Qd4+ 42. Kh1 d5 43. Bxa6 Nd6 44. Qe5+ f6 45. Re7+ Rxe7 46. Qxe7+ Nf7 47. Be2 Qa1+ 48. Kg2 Qxa5 49. Qe6 Qd2 50. Kf3 Qc3+ 51. Qe3 Qxe3+ 52. Kxe3 Nd6 53. Bd3 f5 54. Kd2 Ne4+ 55. Ke3 Nf6 56. gxf5 d4+ 57. Kf3 gxf5 58. Bxf5 Nd5 59. Ke4 Kf6 60. Kxd5 Kxf5 61. Kc4 Kxf4 62. Kd3 Kg3 63. b4 cxb4 64. Kxd4 b3 65. Kc3 Kxh3 66. Kxb3 1/2-1/2

[Event "Live Chess"]
[Site "Chess.com"]
[Date "2021.03.17"]
[Round "4"]
[White "DoctorBanner"]
[Black "Kondsaga"]
[Result "1/2-1/2"]
[CurrentPosition "8/3q1pk1/2p2n1p/ppPpQN2/3P2P1/3P3P/P5K1/8 b - -"]
[Timezone "UTC"]
[ECO "B02"]
[ECOUrl "https://www.chess.com/openings/Alekhines-Defense-2.Nc3"]
[UTCDate "2021.03.17"]
[UTCTime "03:06:08"]
[WhiteElo "1700"]
[BlackElo "1934"]
[TimeControl "2100+2"]
[Termination "Game drawn by repetition"]
[StartTime "03:06:08"]
[EndDate "2021.03.17"]
[EndTime "04:16:03"]
[Link "https://www.chess.com/game/live/9689151403"]

1. e4 Nf6 2. Nc3 e6 3. d4 d5 4. exd5 exd5 5. Nf3 Bd6 6. Bd3 O-O 7. O-O c6 8. h3 h6 9. Be3 Qc7 10. Qd2 Re8 11. Rfe1 Ne4 12. Qd1 Bf5 13. Nd2 Nxc3 14. bxc3 Bxd3 15. cxd3 Nd7 16. c4 Nf6 17. Qf3 Re6 18. Nb3 Bb4 19. Re2 Rae8 20. Bf4 Qe7 21. Re5 Bd6 22. Rxe6 Qxe6 23. Bxd6 Qxd6 24. c5 Qe6 25. Kf1 g5 26. g4 Kg7 27. Qd1 Qc8 28. Qd2 Qc7 29. Kg2 Kg6 30. Re1 Qd7 31. Rxe8 Qxe8 32. Qe3 Qb8 33. Qe5 Qc8 34. f4 gxf4 35. Qxf4 Qe6 36. Qe5 Qd7 37. Nd2 b5 38. Nf3 a5 39. Nh4+ Kg7 40. Nf5+ Kg6 41. Ne7+ Kg7 42. Nf5+ Kg6 43. Ne7+ Kg7 44. Nf5+ 1/2-1/2

[Event "Live Chess"]
[Site "Chess.com"]
[Date "2021.03.17"]
[Round "4"]
[White "SebbyMeister"]
[Black "Talenuf"]
[Result "0-1"]
[CurrentPosition "8/5p2/8/8/6pp/6k1/8/r5K1 w - -"]
[Timezone "UTC"]
[ECO "C55"]
[ECOUrl "https://www.chess.com/openings/Italian-Game-Two-Knights-Modern-Bishops-Opening"]
[UTCDate "2021.03.17"]
[UTCTime "03:00:57"]
[WhiteElo "1343"]
[BlackElo "1900"]
[TimeControl "2100+2"]
[Termination "Talenuf won by checkmate"]
[StartTime "03:00:57"]
[EndDate "2021.03.17"]
[EndTime "03:41:48"]
[Link "https://www.chess.com/game/live/9689094843"]

1. e4 e5 2. Nf3 Nc6 3. Bc4 Nf6 4. d3 Be7 5. Nc3 d6 6. h3 Na5 7. Bb3 Nxb3 8. axb3 O-O 9. O-O c6 10. Re1 Qc7 11. d4 Bd7 12. Bg5 h6 13. Bh4 Rfe8 14. Bg3 Bf8 15. Bxe5 dxe5 16. Nxe5 c5 17. Nxd7 Qxd7 18. d5 Bd6 19. Qf3 a6 20. Re2 Re7 21. Na4 Rae8 22. Rae1 Qc7 23. g3 b5 24. Nc3 Qd7 25. Qg2 b4 26. Nb1 Nxd5 27. f4 Nb6 28. Rd1 Qc6 29. Red2 Bc7 30. e5 Qxg2+ 31. Kxg2 Kf8 32. c3 a5 33. Rd3 c4 34. bxc4 Nxc4 35. b3 Nb2 36. cxb4 Nxd1 37. bxa5 Rd8 38. Rxd8+ Bxd8 39. b4 Rb7 40. Nd2 Rxb4 41. Kf3 Ra4 42. Ke2 Bxa5 43. Kxd1 Rd4 44. Ke2 Rxd2+ 45. Kf3 Ke7 46. Kg4 g6 47. h4 h5+ 48. Kf3 Ke6 49. Ke3 Kf5 50. Kf3 Ra2 51. Ke3 Bc7 52. Kf3 Bxe5 53. fxe5 Kxe5 54. g4 Ra3+ 55. Kg2 hxg4 56. h5 gxh5 57. Kh2 h4 58. Kg2 Ra2+ 59. Kh1 Ke4 60. Kg1 Kf3 61. Kh1 Kg3 62. Kg1 Ra1# 0-1

[Event "Live Chess"]
[Site "Chess.com"]
[Date "2021.03.17"]
[Round "4"]
[White "prescott00000"]
[Black "mwncklmann"]
[Result "0-1"]
[CurrentPosition "8/8/8/8/8/3k4/1pn2K2/8 w - -"]
[Timezone "UTC"]
[ECO "B53"]
[ECOUrl "https://www.chess.com/openings/Sicilian-Defense-Tartakower-Variation"]
[UTCDate "2021.03.17"]
[UTCTime "03:01:05"]
[WhiteElo "1296"]
[BlackElo "1875"]
[TimeControl "2100+2"]
[Termination "mwncklmann won by resignation"]
[StartTime "03:01:05"]
[EndDate "2021.03.17"]
[EndTime "04:05:08"]
[Link "https://www.chess.com/game/live/9689095167"]

1. e4 c5 2. Nf3 d6 3. d4 cxd4 4. c3 dxc3 5. Nxc3 Nc6 6. Bc4 Nf6 7. e5 dxe5 8. Qxd8+ Nxd8 9. Nxe5 a6 10. O-O e6 11. Be3 Bd6 12. Nf3 b5 13. Bb3 Bb7 14. Rfd1 Be7 15. Nd4 O-O 16. Rac1 Rc8 17. h3 h6 18. Nce2 Rxc1 19. Rxc1 Bd6 20. a4 b4 21. a5 Nd5 22. Bd2 Ne7 23. Ba4 e5 24. Nb3 Ne6 25. Bd7 Nf4 26. Nxf4 exf4 27. Nc5 Rd8 28. Nxb7 Rxd7 29. Nxd6 Rxd6 30. Bxb4 Rc6 31. Rxc6 Nxc6 32. Bd6 g5 33. Bc7 Kf8 34. g3 fxg3 35. fxg3 Ke7 36. Kf2 Ke6 37. Ke3 Kd5 38. Kd3 f5 39. h4 Kc5 40. hxg5 hxg5 41. g4 fxg4 42. Ke3 Kb5 43. Bb6 Nxa5 44. Bd8 Nc4+ 45. Ke2 Nxb2 46. Bxg5 a5 47. Kf2 a4 48. Be7 Nd3+ 49. Kg3 Nb4 50. Kxg4 a3 51. Bf6 Kc4 52. Kf3 Kd3 53. Kf2 Nc2 54. Bb2 axb2 0-1

[Event "Live Chess"]
[Site "Chess.com"]
[Date "2021.03.17"]
[Round "4"]
[White "twangbio"]
[Black "pjkrizzle"]
[Result "1-0"]
[CurrentPosition "8/pp4k1/4pqQp/P2p2pP/8/1P6/2r2PP1/R3R1K1 b - -"]
[Timezone "UTC"]
[ECO "C05"]
[ECOUrl "https://www.chess.com/openings/French-Defense-Tarrasch-Closed...5.Bd3-c5-6.c3-Nc6-7.Ne2"]
[UTCDate "2021.03.17"]
[UTCTime "03:01:15"]
[WhiteElo "1878"]
[BlackElo "1293"]
[TimeControl "2100+2"]
[Termination "twangbio won by resignation"]
[StartTime "03:01:15"]
[EndDate "2021.03.17"]
[EndTime "03:48:41"]
[Link "https://www.chess.com/game/live/9689095473"]

1. e4 e6 2. d4 d5 3. Nd2 Nf6 4. e5 Nfd7 5. Bd3 c5 6. c3 Nc6 7. Ne2 Qb6 8. Nf3 cxd4 9. cxd4 Bb4+ 10. Bd2 Bxd2+ 11. Qxd2 h6 12. O-O O-O 13. Ng3 Nxd4 14. Nxd4 Nxe5 15. Bc2 Nc4 16. Qd3 g6 17. b3 Nd6 18. Qd2 Kg7 19. a4 Bd7 20. Qd3 Rac8 21. a5 Qd8 22. Nf3 Kg8 23. Rfc1 Bb5 24. Qe3 Kg7 25. Qe5+ Kg8 26. h4 Qe7 27. h5 f6 28. Qe3 g5 29. Nd4 Bd7 30. Qd3 f5 31. Re1 Rf6 32. Ndxf5 Nxf5 33. Nxf5 Qf8 34. Ne3 Qf7 35. Ng4 Bb5 36. Nxf6+ Qxf6 37. Qxb5 Rxc2 38. Qe8+ Kg7 39. Qg6+ 1-0

[Event "Live Chess"]
[Site "Chess.com"]
[Date "2021.03.17"]
[Round "4"]
[White "nmbrown2"]
[Black "A-boy415"]
[Result "0-1"]
[CurrentPosition "r4rk1/pq3pbp/n1p2np1/4p1B1/2P1P3/2N2B2/PP3PPP/R4RK1 w - -"]
[Timezone "UTC"]
[ECO "E90"]
[ECOUrl "https://www.chess.com/openings/Kings-Indian-Defense-Normal-Variation-4.e4-d6-5.Nf3-O-O-6.Bd3"]
[UTCDate "2021.03.17"]
[UTCTime "03:01:23"]
[WhiteElo "1495"]
[BlackElo "1831"]
[TimeControl "2100+2"]
[Termination "A-boy415 won by resignation"]
[StartTime "03:01:23"]
[EndDate "2021.03.17"]
[EndTime "03:08:21"]
[Link "https://www.chess.com/game/live/9689095819"]

1. d4 Nf6 2. c4 g6 3. Nc3 Bg7 4. e4 d6 5. Nf3 O-O 6. Bd3 e5 7. dxe5 dxe5 8. O-O Bg4 9. Be2 Qe7 10. Bg5 c6 11. Qb3 Bxf3 12. Bxf3 Na6 13. Qxb7 Qxb7 0-1